Oilers vs Canadiens

Created - December 12 2006 at 18:47

Goals
1 2 3 T
Oilers 1 2 1 4
Canadiens 0 2 1 3
Shots
1 2 3 T
Oilers 23 12 6 41
Canadiens 8 8 10 26

Period #1

1. Oilers , Mike Sillinger 2 (Fernando Pisani) at 1:56

Penalities :
Francis Bouillon (MTL) for Delaying the game (Minor) at 5:19, Dick Tarnstrom (EDM) for Holding (Minor) at 7:25, Shane Doan (MTL) for Cross-checking (Minor) at 12:45, Saku Koivu (MTL) for Hooking (Minor) at 16:12

Period #2

2. Canadiens , Jim Vandermeer 1 (Martin Gelinas, Saku Koivu) at 6:48
3. Canadiens , Mike Johnson 3 (Steve Reinprecht) at 14:29
4. Oilers , Daniel Alfredsson 6 (Brendan Witt, Shawn Horcoff) at 15:33 (PP)
5. Oilers , Brendan Witt 1 (Shawn Horcoff, Daniel Alfredsson) at 16:26

Penalities :
Daniel Alfredsson (EDM) for Slashing (Minor) at 0:43, Ruslan Salei (EDM) for High sticking (Minor) at 4:45, Dick Tarnstrom (EDM) for Holding (Minor) at 9:45, Jim Vandermeer (MTL) for Slashing (Minor) at 14:35, Sheldon Souray (MTL) for High sticking (Minor) at 16:15, Ryan Smyth (EDM) for Diving (Minor) at 16:15

Period #3

6. Oilers , Ryan Smyth 4 (Jarret Stoll) at 10:28
7. Canadiens , Saku Koivu 6 (Sergei Samsonov, Alexei Kovalev) at 14:50 (PP)

Penalities :
Jarret Stoll (EDM) for Kneeing (Major) at 1:31, Mike Johnson (MTL) for Elbowing (Minor) at 10:54, Petr Sykora (EDM) for Charging (Minor) at 14:06, Ruslan Salei (EDM) for Slashing (Double Minor) at 15:34

Goalie Stats

Dwayne Roloson (EDM), 23 saves from 26 shots - (0.885), W, 6-4-0, 60:00 minutes
Cristobal Huet (MTL), 37 saves from 41 shots - (0.902), L, 1-5-2, 60:00 minutes

Players Stats

Oilers
Player Name              G  A  P  +/- PIM S  H  SB FO MP 
-----------------------------------------------------------
Ales Hemsky              0  0  0   1  0   3  1  0  1  18 
Brendan Witt             1  1  2   1  0   1  3  0  0  25 
Daniel Alfredsson        1  1  2   1  2   5  1  0  13 19 
Dick Tarnstrom           0  0  0  -1  4   2  1  0  0  13 
Fernando Pisani          0  1  1  -1  0   0  0  0  2  13 
Jarret Stoll             0  1  1   1  5   0  1  0  18 18 
Jason Smith              0  0  0   1  0   1  2  1  0  24 
Keith Tkachuk            0  0  0   0  0   1  0  0  12 19 
Marty Reasoner           0  0  0  -1  0   2  0  0  13 13 
Mike Sillinger           1  0  1  -1  0   6  1  0  0  13 
Nicklas Lidstrom         0  0  0   1  0   0  0  0  0  25 
Petr Sykora              0  0  0   0  2   0  0  0  1  5  
Raffi Torres             0  0  0   0  0   1  0  0  1  6  
Ruslan Salei             0  0  0   1  6   2  1  0  0  22 
Ryan Johnson             0  0  0   0  0   0  0  0  4  5  
Ryan Smyth               1  0  1   1  2   6  0  0  3  23 
Shawn Horcoff            0  2  2   1  0   9  0  0  17 21 
Steve Staios             0  0  0  -1  0   2  0  1  0  16 
Canadiens
Player Name              G  A  P  +/- PIM S  H  SB FO MP 
-----------------------------------------------------------
Alexei Kovalev           0  1  1  -1  0   3  1  0  3  20 
Andrei Markov            0  0  0  -1  0   0  0  3  0  24 
Craig Rivet              0  0  0  -1  0   0  0  3  0  25 
Dave Scatchard           0  0  0   1  0   1  1  1  11 8  
Francis Bouillon         0  0  0   1  2   0  2  2  0  12 
Jim Vandermeer           1  0  1   1  2   1  1  4  0  9  
Martin Gelinas           0  1  1   1  0   1  1  0  0  15 
Mathieu Dandenault       0  0  0   0  0   0  0  1  0  12 
Mathieu Schneider        0  0  0  -1  0   1  3  0  0  24 
Michael Ryder            0  0  0  -1  0   2  1  0  1  22 
Mike Johnson             1  0  1   1  2   4  0  0  2  13 
Radek Bonk               0  0  0  -1  0   1  0  0  19 17 
Saku Koivu               1  1  2  -1  2   2  1  0  28 21 
Sergei Samsonov          0  1  1   0  0   2  0  1  0  18 
Shane Doan               0  0  0  -1  2   1  1  0  2  21 
Sheldon Souray           0  0  0  -1  2   1  1  0  0  21 
Steve Begin              0  0  0   0  0   1  0  0  0  8  
Steve Reinprecht         0  1  1   0  0   5  0  0  19 17 

3 Stars

1 - Brendan Witt (EDM)
2 - Daniel Alfredsson (EDM)
3 - Jim Vandermeer (MTL)

Power Play

Oilers - 1 on 5 Attempt(s) - 20.00%
Canadiens - 1 on 7 Attempt(s) - 14.29%

Penalty Kill

Oilers - 6 on 7 Attempt(s) - 85.71% - Score 0 goal in Penalty Kill
Canadiens - 4 on 5 Attempt(s) - 80.00% - Score 0 goal in Penalty Kill

Game Notes

Jim Vandermeer is injured at 9:34 of 3rd period (Sternum)

Finance

Level 1 -- Attendance: 5087 (72.67%) -- Ticket Income $508,700.00
Level 2 -- Attendance: 4939 (82.32%) -- Ticket Income $296,340.00
Level 3 -- Attendance: 2865 (90.07%) -- Ticket Income $100,275.00
Level 4 -- Attendance: 3818 (90.91%) -- Ticket Income $76,360.00
Luxury Box -- Attendance: 833 (66.66%) -- Ticket Income $166,600.00
Game was played at the Bell Centre
Total Attendance: 17542 (81.10%)
Total Ticket Income: $1,157,516.00
Other Expense: $110,182.80
Total Income: $1,047,333.00


Play by Play

Period #1

0:01 of 1st period - Saku Koivu wins face-off versus Shawn Horcoff in neutral zone.
0:04 of 1st period - Shot by Sergei Samsonov.
0:04 of 1st period - Stopped by Dwayne Roloson without a rebound.
0:05 of 1st period - Jarret Stoll wins face-off versus Radek Bonk in Oilers zone.
0:48 of 1st period - Shot by Jarret Stoll.
0:48 of 1st period - Shot Misses the Net.
0:49 of 1st period - Shot by Ruslan Salei.
0:49 of 1st period - Stopped by Cristobal Huet with a rebound.
1:56 of 1st period - Shot by Mike Sillinger.
1:56 of 1st period - Goal by Mike Sillinger.
1:57 of 1st period - Saku Koivu wins face-off versus Shawn Horcoff in neutral zone.
2:03 of 1st period - Alexei Kovalev is hit by Brendan Witt and loses puck.
2:10 of 1st period - Off-side.
2:11 of 1st period - Steve Reinprecht wins face-off versus Ryan Johnson in neutral zone.
2:15 of 1st period - Mike Johnson is hit by Brendan Witt and loses puck.
2:27 of 1st period - Shot by Steve Reinprecht.
2:27 of 1st period - Shot Misses the Net.
2:30 of 1st period - Shot by Steve Reinprecht.
2:30 of 1st period - Stopped by Dwayne Roloson without a rebound.
2:31 of 1st period - Jarret Stoll wins face-off versus Alexei Kovalev in Oilers zone.
2:40 of 1st period - Shot by Ryan Smyth.
2:40 of 1st period - Shot Misses the Net.
2:43 of 1st period - Shot by Jarret Stoll.
2:43 of 1st period - Shot Misses the Net.
2:46 of 1st period - Shot by Ryan Smyth.
2:46 of 1st period - Stopped by Cristobal Huet with a rebound.
2:47 of 1st period - Shot by Ruslan Salei.
2:47 of 1st period - Shot Misses the Net.
2:50 of 1st period - Shot by Ales Hemsky.
2:50 of 1st period - Shot Blocked by Andrei Markov.
2:51 of 1st period - Shot by Ruslan Salei.
2:51 of 1st period - Stopped by Cristobal Huet without a rebound.
2:52 of 1st period - Steve Reinprecht wins face-off versus Marty Reasoner in Canadiens zone.
2:52 of 1st period - Martin Gelinas is hit by Mike Sillinger and loses puck.
3:04 of 1st period - Shot by Marty Reasoner.
3:04 of 1st period - Stopped by Cristobal Huet without a rebound.
3:05 of 1st period - Shawn Horcoff wins face-off versus Saku Koivu in Canadiens zone.
4:09 of 1st period - Icing by Ryan Smyth.
4:10 of 1st period - Steve Reinprecht wins face-off versus Jarret Stoll in Oilers zone.
4:19 of 1st period - Shot by Ales Hemsky.
4:19 of 1st period - Shot Misses the Net.
4:22 of 1st period - Shot by Ryan Smyth.
4:22 of 1st period - Stopped by Cristobal Huet without a rebound.
4:23 of 1st period - Marty Reasoner wins face-off versus Radek Bonk in Canadiens zone.
5:19 of 1st period - Minor Penalty to Francis Bouillon for Delaying the game.
5:20 of 1st period - Dave Scatchard wins face-off versus Daniel Alfredsson in neutral zone.
6:27 of 1st period - Shot by Jarret Stoll.
6:27 of 1st period - Shot Misses the Net.
6:54 of 1st period - Shot by Ales Hemsky.
6:54 of 1st period - Shot Misses the Net.
6:57 of 1st period - Shot by Ales Hemsky.
6:57 of 1st period - Shot Hit the Post.
6:58 of 1st period - Shot by Ruslan Salei.
6:58 of 1st period - Shot Misses the Net.
6:59 of 1st period - Shot by Jason Smith.
6:59 of 1st period - Stopped by Cristobal Huet with a rebound.
7:00 of 1st period - Shot by Ruslan Salei.
7:00 of 1st period - Stopped by Cristobal Huet without a rebound.
7:01 of 1st period - Shawn Horcoff wins face-off versus Dave Scatchard in Canadiens zone.
7:25 of 1st period - Minor Penalty to Dick Tarnstrom for Holding.
7:26 of 1st period - Keith Tkachuk wins face-off versus Saku Koivu in Canadiens zone.
8:51 of 1st period - Shot by Steve Reinprecht.
8:51 of 1st period - Stopped by Dwayne Roloson with a rebound.
8:54 of 1st period - Shot by Michael Ryder.
8:54 of 1st period - Stopped by Dwayne Roloson without a rebound.
8:55 of 1st period - Steve Reinprecht wins face-off versus Keith Tkachuk in Oilers zone.
9:05 of 1st period - Icing by Steve Reinprecht.
9:06 of 1st period - Steve Reinprecht wins face-off versus Keith Tkachuk in Canadiens zone.
9:25 of 1st period - Shot by Steve Reinprecht.
9:25 of 1st period - Shot Misses the Net.
9:30 of 1st period - Shot by Dick Tarnstrom.
9:30 of 1st period - Shot Blocked by Jim Vandermeer.
9:31 of 1st period - Shot by Mike Sillinger.
9:31 of 1st period - Shot Blocked by Jim Vandermeer.
9:32 of 1st period - Shot by Mike Sillinger.
9:32 of 1st period - Shot Misses the Net.
9:55 of 1st period - Shot by Alexei Kovalev.
9:55 of 1st period - Shot Blocked by Steve Staios.
10:00 of 1st period - Shot by Mike Sillinger.
10:00 of 1st period - Shot Blocked by Francis Bouillon.
10:01 of 1st period - Shot by Dick Tarnstrom.
10:01 of 1st period - Shot Blocked by Francis Bouillon.
10:06 of 1st period - Shot by Mike Sillinger.
10:06 of 1st period - Shot Misses the Net.
10:09 of 1st period - Shot by Mike Sillinger.
10:09 of 1st period - Stopped by Cristobal Huet without a rebound.
10:10 of 1st period - Saku Koivu wins face-off versus Ryan Johnson in Canadiens zone.
10:12 of 1st period - Michael Ryder is hit by Brendan Witt and loses puck.
10:24 of 1st period - Shot by Raffi Torres.
10:24 of 1st period - Stopped by Cristobal Huet without a rebound.
10:25 of 1st period - Jarret Stoll wins face-off versus Radek Bonk in Canadiens zone.
10:48 of 1st period - Shot by Ryan Smyth.
10:48 of 1st period - Stopped by Cristobal Huet with a rebound.
10:55 of 1st period - Shot by Sheldon Souray.
10:55 of 1st period - Stopped by Dwayne Roloson without a rebound.
10:56 of 1st period - Saku Koivu wins face-off versus Ryan Johnson in Oilers zone.
12:04 of 1st period - Brendan Witt is hit by Jim Vandermeer and loses puck.
12:28 of 1st period - Shot by Mike Sillinger.
12:28 of 1st period - Shot Blocked by Jim Vandermeer.
12:29 of 1st period - Shot by Steve Staios.
12:29 of 1st period - Stopped by Cristobal Huet without a rebound.
12:30 of 1st period - Ryan Smyth wins face-off versus Radek Bonk in Canadiens zone.
12:40 of 1st period - Jason Smith is hit by Michael Ryder and loses puck.
12:45 of 1st period - Minor Penalty to Shane Doan for Cross-checking.
12:46 of 1st period - Dave Scatchard wins face-off versus Jarret Stoll in Canadiens zone.
14:43 of 1st period - Shot by Ales Hemsky.
14:43 of 1st period - Stopped by Cristobal Huet without a rebound.
14:44 of 1st period - Dave Scatchard wins face-off versus Shawn Horcoff in Canadiens zone.
14:55 of 1st period - Shot by Fernando Pisani.
14:55 of 1st period - Shot Misses the Net.
14:56 of 1st period - Shot by Dick Tarnstrom.
14:56 of 1st period - Stopped by Cristobal Huet without a rebound.
14:57 of 1st period - Marty Reasoner wins face-off versus Saku Koivu in Canadiens zone.
15:06 of 1st period - Shot by Marty Reasoner.
15:06 of 1st period - Stopped by Cristobal Huet without a rebound.
15:07 of 1st period - Steve Reinprecht wins face-off versus Raffi Torres in Canadiens zone.
15:14 of 1st period - Shot by Steve Reinprecht.
15:14 of 1st period - Stopped by Dwayne Roloson without a rebound.
15:15 of 1st period - Marty Reasoner wins face-off versus Radek Bonk in Oilers zone.
15:42 of 1st period - Shot by Shane Doan.
15:42 of 1st period - Shot Misses the Net.
15:45 of 1st period - Shot by Sheldon Souray.
15:45 of 1st period - Shot Misses the Net.
15:48 of 1st period - Shot by Shane Doan.
15:48 of 1st period - Stopped by Dwayne Roloson without a rebound.
15:49 of 1st period - Saku Koivu wins face-off versus Shawn Horcoff in Oilers zone.
15:59 of 1st period - Shawn Horcoff is hit by Mathieu Schneider and loses puck.
16:12 of 1st period - Minor Penalty to Saku Koivu for Hooking.
16:13 of 1st period - Dave Scatchard wins face-off versus Jarret Stoll in Canadiens zone.
16:13 of 1st period - Mathieu Schneider is hit by Ruslan Salei and loses puck.
16:21 of 1st period - Shot by Ryan Smyth.
16:21 of 1st period - Stopped by Cristobal Huet without a rebound.
16:22 of 1st period - Jarret Stoll wins face-off versus Dave Scatchard in Canadiens zone.
16:25 of 1st period - Shot by Ryan Smyth.
16:25 of 1st period - Stopped by Cristobal Huet without a rebound.
16:26 of 1st period - Jarret Stoll wins face-off versus Radek Bonk in Canadiens zone.
17:39 of 1st period - Shot by Daniel Alfredsson.
17:39 of 1st period - Shot Blocked by Mathieu Dandenault.
17:42 of 1st period - Shot by Shawn Horcoff.
17:42 of 1st period - Stopped by Cristobal Huet with a rebound.
17:47 of 1st period - Shot by Keith Tkachuk.
17:47 of 1st period - Stopped by Cristobal Huet with a rebound.
17:48 of 1st period - Shot by Brendan Witt.
17:48 of 1st period - Stopped by Cristobal Huet with a rebound.
17:51 of 1st period - Shot by Daniel Alfredsson.
17:51 of 1st period - Shot Misses the Net.
17:54 of 1st period - Shot by Keith Tkachuk.
17:54 of 1st period - Shot Hit the Post.
17:57 of 1st period - Shot by Shawn Horcoff.
17:57 of 1st period - Stopped by Cristobal Huet with a rebound.
18:00 of 1st period - Shot by Daniel Alfredsson.
18:00 of 1st period - Shot Misses the Net.
18:03 of 1st period - Shot by Shawn Horcoff.
18:03 of 1st period - Shot Misses the Net.
18:13 of 1st period - Icing by Nicklas Lidstrom.
18:14 of 1st period - Marty Reasoner wins face-off versus Steve Reinprecht in Oilers zone.
18:25 of 1st period - Shot by Marty Reasoner.
18:25 of 1st period - Stopped by Cristobal Huet without a rebound.
18:26 of 1st period - Marty Reasoner wins face-off versus Radek Bonk in Canadiens zone.
19:01 of 1st period - Shot by Fernando Pisani.
19:01 of 1st period - Shot Blocked by Craig Rivet.
19:02 of 1st period - Shot by Marty Reasoner.
19:02 of 1st period - Shot Misses the Net.
19:03 of 1st period - Shot by Marty Reasoner.
19:03 of 1st period - Shot Misses the Net.
19:06 of 1st period - Shot by Mike Sillinger.
19:06 of 1st period - Stopped by Cristobal Huet with a rebound.
19:28 of 1st period - Ales Hemsky is hit by Mathieu Schneider and loses puck.
19:54 of 1st period - Shot by Alexei Kovalev.
19:54 of 1st period - Shot Misses the Net.
19:59 of 1st period - Shot by Alexei Kovalev.
19:59 of 1st period - Stopped by Dwayne Roloson without a rebound.

Period #2

0:01 of 2nd period - Shawn Horcoff wins face-off versus Alexei Kovalev in neutral zone.
0:43 of 2nd period - Minor Penalty to Daniel Alfredsson for Slashing.
0:44 of 2nd period - Keith Tkachuk wins face-off versus Steve Reinprecht in Oilers zone.
0:50 of 2nd period - Icing by Craig Rivet.
0:51 of 2nd period - Keith Tkachuk wins face-off versus Steve Reinprecht in Canadiens zone.
2:04 of 2nd period - Shot by Shawn Horcoff.
2:04 of 2nd period - Stopped by Cristobal Huet without a rebound.
2:05 of 2nd period - Saku Koivu wins face-off versus Ales Hemsky in Canadiens zone.
3:07 of 2nd period - Martin Gelinas is hit by Dick Tarnstrom and loses puck.
3:11 of 2nd period - Shot by Mike Johnson.
3:11 of 2nd period - Shot Misses the Net.
4:03 of 2nd period - Michael Ryder is hit by Jarret Stoll and loses puck.
4:14 of 2nd period - Michael Ryder is hit by Jason Smith and loses puck.
4:45 of 2nd period - Minor Penalty to Ruslan Salei for High sticking.
4:46 of 2nd period - Saku Koivu wins face-off versus Daniel Alfredsson in neutral zone.
5:27 of 2nd period - Shot by Sergei Samsonov.
5:27 of 2nd period - Shot Misses the Net.
6:48 of 2nd period - Shot by Jim Vandermeer.
6:48 of 2nd period - Goal by Jim Vandermeer.
6:49 of 2nd period - Dave Scatchard wins face-off versus Marty Reasoner in neutral zone.
7:28 of 2nd period - Shot by Martin Gelinas.
7:28 of 2nd period - Stopped by Dwayne Roloson without a rebound.
7:29 of 2nd period - Ryan Smyth wins face-off versus Saku Koivu in Oilers zone.
7:48 of 2nd period - Shot by Michael Ryder.
7:48 of 2nd period - Shot Blocked by Jason Smith.
9:23 of 2nd period - Shot by Michael Ryder.
9:23 of 2nd period - Shot Misses the Net.
9:45 of 2nd period - Minor Penalty to Dick Tarnstrom for Holding.
9:46 of 2nd period - Steve Reinprecht wins face-off versus Keith Tkachuk in Oilers zone.
9:53 of 2nd period - Shot by Steve Reinprecht.
9:53 of 2nd period - Stopped by Dwayne Roloson with a rebound.
9:56 of 2nd period - Shot by Shane Doan.
9:56 of 2nd period - Shot Misses the Net.
11:35 of 2nd period - Shot by Michael Ryder.
11:35 of 2nd period - Shot Misses the Net.
11:49 of 2nd period - Dick Tarnstrom is hit by Francis Bouillon and loses puck.
12:03 of 2nd period - Shot by Fernando Pisani.
12:03 of 2nd period - Shot Blocked by Dave Scatchard.
12:04 of 2nd period - Shot by Steve Staios.
12:04 of 2nd period - Stopped by Cristobal Huet without a rebound.
12:05 of 2nd period - Petr Sykora wins face-off versus Mike Johnson in Canadiens zone.
12:47 of 2nd period - Off-side.
12:48 of 2nd period - Saku Koivu wins face-off versus Jarret Stoll in neutral zone.
13:44 of 2nd period - Icing by Andrei Markov.
13:45 of 2nd period - Dave Scatchard wins face-off versus Marty Reasoner in Canadiens zone.
14:04 of 2nd period - Shot by Sergei Samsonov.
14:04 of 2nd period - Stopped by Dwayne Roloson without a rebound.
14:05 of 2nd period - Shawn Horcoff wins face-off versus Michael Ryder in Oilers zone.
14:14 of 2nd period - Shot by Keith Tkachuk.
14:14 of 2nd period - Shot Misses the Net.
14:19 of 2nd period - Shot by Shawn Horcoff.
14:19 of 2nd period - Stopped by Cristobal Huet without a rebound.
14:20 of 2nd period - Marty Reasoner wins face-off versus Steve Reinprecht in Canadiens zone.
14:29 of 2nd period - Shot by Mike Johnson.
14:29 of 2nd period - Goal by Mike Johnson.
14:30 of 2nd period - Saku Koivu wins face-off versus Ryan Johnson in neutral zone.
14:33 of 2nd period - Shot by Mathieu Schneider.
14:33 of 2nd period - Stopped by Dwayne Roloson without a rebound.
14:34 of 2nd period - Fernando Pisani wins face-off versus Steve Reinprecht in Oilers zone.
14:34 of 2nd period - Mike Sillinger is hit by Martin Gelinas and loses puck.
14:35 of 2nd period - Minor Penalty to Jim Vandermeer for Slashing.
14:36 of 2nd period - Jarret Stoll wins face-off versus Radek Bonk in Oilers zone.
14:49 of 2nd period - Shot by Jarret Stoll.
14:49 of 2nd period - Stopped by Cristobal Huet without a rebound.
14:50 of 2nd period - Dave Scatchard wins face-off versus Shawn Horcoff in Canadiens zone.
14:56 of 2nd period - Icing by Brendan Witt.
14:57 of 2nd period - Radek Bonk wins face-off versus Shawn Horcoff in Oilers zone.
15:08 of 2nd period - Shot by Daniel Alfredsson.
15:08 of 2nd period - Shot Blocked by Craig Rivet.
15:29 of 2nd period - Shot by Shawn Horcoff.
15:29 of 2nd period - Stopped by Cristobal Huet with a rebound.
15:30 of 2nd period - Shot by Brendan Witt.
15:30 of 2nd period - Shot Misses the Net.
15:33 of 2nd period - Shot by Daniel Alfredsson.
15:33 of 2nd period - Goal by Daniel Alfredsson.
15:34 of 2nd period - Jarret Stoll wins face-off versus Radek Bonk in neutral zone.
16:09 of 2nd period - Shot by Radek Bonk.
16:09 of 2nd period - Shot Misses the Net.
16:15 of 2nd period - Minor Penalty to Sheldon Souray for High sticking.
16:15 of 2nd period - Minor Penalty to Ryan Smyth for Diving.
16:16 of 2nd period - Daniel Alfredsson wins face-off versus Alexei Kovalev in Canadiens zone.
16:25 of 2nd period - Shot by Shawn Horcoff.
16:25 of 2nd period - Shot Misses the Net.
16:26 of 2nd period - Shot by Brendan Witt.
16:26 of 2nd period - Goal by Brendan Witt.
16:27 of 2nd period - Shawn Horcoff wins face-off versus Saku Koivu in neutral zone.
16:44 of 2nd period - Shot by Shawn Horcoff.
16:44 of 2nd period - Stopped by Cristobal Huet without a rebound.
16:45 of 2nd period - Keith Tkachuk wins face-off versus Mike Johnson in Canadiens zone.
17:11 of 2nd period - Icing by Francis Bouillon.
17:12 of 2nd period - Daniel Alfredsson wins face-off versus Shane Doan in Canadiens zone.
17:17 of 2nd period - Shot by Shawn Horcoff.
17:17 of 2nd period - Stopped by Cristobal Huet without a rebound.
17:18 of 2nd period - Saku Koivu wins face-off versus Daniel Alfredsson in Canadiens zone.
17:51 of 2nd period - Shot by Daniel Alfredsson.
17:51 of 2nd period - Stopped by Cristobal Huet with a rebound.
17:56 of 2nd period - Shot by Shawn Horcoff.
17:56 of 2nd period - Stopped by Cristobal Huet with a rebound.
18:09 of 2nd period - Shot by Ales Hemsky.
18:09 of 2nd period - Shot Misses the Net.
18:10 of 2nd period - Shot by Jason Smith.
18:10 of 2nd period - Shot Misses the Net.
18:13 of 2nd period - Shot by Keith Tkachuk.
18:13 of 2nd period - Shot Misses the Net.
18:30 of 2nd period - Shot by Jim Vandermeer.
18:30 of 2nd period - Shot Misses the Net.
18:31 of 2nd period - Shot by Steve Reinprecht.
18:31 of 2nd period - Stopped by Dwayne Roloson without a rebound.
18:32 of 2nd period - Jarret Stoll wins face-off versus Radek Bonk in Oilers zone.
18:54 of 2nd period - Ryan Smyth is hit by Sheldon Souray and loses puck.
18:57 of 2nd period - Icing by Craig Rivet.
18:58 of 2nd period - Fernando Pisani wins face-off versus Radek Bonk in Canadiens zone.
18:59 of 2nd period - Shot by Mike Sillinger.
18:59 of 2nd period - Stopped by Cristobal Huet with a rebound.
19:03 of 2nd period - Icing by Shane Doan.
19:04 of 2nd period - Marty Reasoner wins face-off versus Radek Bonk in Canadiens zone.
19:07 of 2nd period - Shot by Mike Sillinger.
19:07 of 2nd period - Shot Misses the Net.
19:48 of 2nd period - Shot by Mike Johnson.
19:48 of 2nd period - Stopped by Dwayne Roloson without a rebound.
19:49 of 2nd period - Shawn Horcoff wins face-off versus Saku Koivu in Oilers zone.
19:57 of 2nd period - Keith Tkachuk is hit by Alexei Kovalev and loses puck.

Period #3

0:01 of 3rd period - Saku Koivu wins face-off versus Shawn Horcoff in neutral zone.
0:46 of 3rd period - Shot by Daniel Alfredsson.
0:46 of 3rd period - Stopped by Cristobal Huet without a rebound.
0:47 of 3rd period - Jarret Stoll wins face-off versus Radek Bonk in Canadiens zone.
0:49 of 3rd period - Ryan Smyth is hit by Shane Doan and loses puck.
1:30 of 3rd period - Michael Ryder is hit by Ales Hemsky and loses puck.
1:31 of 3rd period - Major Penalty to Jarret Stoll for Kneeing.
1:32 of 3rd period - Daniel Alfredsson wins face-off versus Saku Koivu in Oilers zone.
2:46 of 3rd period - Icing by Mathieu Schneider.
2:47 of 3rd period - Steve Reinprecht wins face-off versus Daniel Alfredsson in Canadiens zone.
3:20 of 3rd period - Shot by Alexei Kovalev.
3:20 of 3rd period - Stopped by Dwayne Roloson without a rebound.
3:21 of 3rd period - Saku Koivu wins face-off versus Daniel Alfredsson in Oilers zone.
3:29 of 3rd period - Icing by Sheldon Souray.
3:30 of 3rd period - Saku Koivu wins face-off versus Daniel Alfredsson in Canadiens zone.
3:39 of 3rd period - Shot by Alexei Kovalev.
3:39 of 3rd period - Stopped by Dwayne Roloson without a rebound.
3:40 of 3rd period - Keith Tkachuk wins face-off versus Shane Doan in Oilers zone.
4:22 of 3rd period - Icing by Saku Koivu.
4:23 of 3rd period - Daniel Alfredsson wins face-off versus Saku Koivu in Canadiens zone.
4:26 of 3rd period - Shot by Daniel Alfredsson.
4:26 of 3rd period - Shot Blocked by Sergei Samsonov.
4:29 of 3rd period - Shot by Shawn Horcoff.
4:29 of 3rd period - Stopped by Cristobal Huet without a rebound.
4:30 of 3rd period - Keith Tkachuk wins face-off versus Steve Reinprecht in Canadiens zone.
5:28 of 3rd period - Icing by Sheldon Souray.
5:29 of 3rd period - Saku Koivu wins face-off versus Daniel Alfredsson in Canadiens zone.
6:56 of 3rd period - Shot by Fernando Pisani.
6:56 of 3rd period - Shot Misses the Net.
7:01 of 3rd period - Shot by Mike Johnson.
7:01 of 3rd period - Stopped by Dwayne Roloson without a rebound.
7:02 of 3rd period - Ryan Smyth wins face-off versus Radek Bonk in Oilers zone.
8:02 of 3rd period - Icing by Mike Sillinger.
8:03 of 3rd period - Marty Reasoner wins face-off versus Saku Koivu in Oilers zone.
8:32 of 3rd period - Shot by Mike Sillinger.
8:32 of 3rd period - Shot Blocked by Andrei Markov.
8:33 of 3rd period - Shot by Dick Tarnstrom.
8:33 of 3rd period - Stopped by Cristobal Huet without a rebound.
8:34 of 3rd period - Steve Reinprecht wins face-off versus Shawn Horcoff in Canadiens zone.
8:40 of 3rd period - Mike Johnson is hit by Daniel Alfredsson and loses puck.
8:54 of 3rd period - Shot by Daniel Alfredsson.
8:54 of 3rd period - Stopped by Cristobal Huet with a rebound.
8:57 of 3rd period - Shot by Shawn Horcoff.
8:57 of 3rd period - Shot Misses the Net.
9:02 of 3rd period - Shot by Daniel Alfredsson.
9:02 of 3rd period - Shot Misses the Net.
9:30 of 3rd period - Icing by Jim Vandermeer.
9:31 of 3rd period - Jarret Stoll wins face-off versus Steve Reinprecht in Canadiens zone.
9:34 of 3rd period - Shot by Ales Hemsky.
9:34 of 3rd period - Shot Blocked by Jim Vandermeer.
9:34 of 3rd period - Jim Vandermeer from Canadiens is injured at 9:34 of 3rd period (Sternum).
9:35 of 3rd period - Radek Bonk wins face-off versus Jarret Stoll in Canadiens zone.
9:54 of 3rd period - Shot by Radek Bonk.
9:54 of 3rd period - Stopped by Dwayne Roloson without a rebound.
9:55 of 3rd period - Marty Reasoner wins face-off versus Saku Koivu in Oilers zone.
9:59 of 3rd period - Marty Reasoner is hit by Mathieu Schneider and loses puck.
10:25 of 3rd period - Shot by Mike Sillinger.
10:25 of 3rd period - Shot Blocked by Andrei Markov.
10:26 of 3rd period - Shot by Marty Reasoner.
10:26 of 3rd period - Stopped by Cristobal Huet without a rebound.
10:27 of 3rd period - Jarret Stoll wins face-off versus Radek Bonk in Canadiens zone.
10:28 of 3rd period - Shot by Ryan Smyth.
10:28 of 3rd period - Goal by Ryan Smyth.
10:29 of 3rd period - Shawn Horcoff wins face-off versus Radek Bonk in neutral zone.
10:45 of 3rd period - Off-side.
10:46 of 3rd period - Jarret Stoll wins face-off versus Steve Reinprecht in neutral zone.
10:54 of 3rd period - Minor Penalty to Mike Johnson for Elbowing.
10:55 of 3rd period - Dave Scatchard wins face-off versus Shawn Horcoff in neutral zone.
11:38 of 3rd period - Shot by Shawn Horcoff.
11:38 of 3rd period - Shot Blocked by Craig Rivet.
12:26 of 3rd period - Jarret Stoll is hit by Dave Scatchard and loses puck.
13:35 of 3rd period - Mike Sillinger is hit by Francis Bouillon and loses puck.
14:06 of 3rd period - Minor Penalty to Petr Sykora for Charging.
14:07 of 3rd period - Steve Reinprecht wins face-off versus Daniel Alfredsson in Oilers zone.
14:18 of 3rd period - Shot by Michael Ryder.
14:18 of 3rd period - Stopped by Dwayne Roloson without a rebound.
14:19 of 3rd period - Keith Tkachuk wins face-off versus Saku Koivu in Oilers zone.
14:50 of 3rd period - Shot by Sergei Samsonov.
14:50 of 3rd period - Goal by Saku Koivu.
14:51 of 3rd period - Radek Bonk wins face-off versus Jarret Stoll in neutral zone.
14:51 of 3rd period - Mathieu Dandenault is hit by Jason Smith and loses puck.
15:34 of 3rd period - Double Minor Penalty to Ruslan Salei for Slashing.
15:35 of 3rd period - Shawn Horcoff wins face-off versus Saku Koivu in Oilers zone.
15:35 of 3rd period - Daniel Alfredsson is hit by Saku Koivu and loses puck.
16:08 of 3rd period - Icing by Sheldon Souray.
16:09 of 3rd period - Saku Koivu wins face-off versus Keith Tkachuk in Canadiens zone.
16:16 of 3rd period - Shot by Alexei Kovalev.
16:16 of 3rd period - Stopped by Dwayne Roloson with a rebound.
18:08 of 3rd period - Off-side.
18:09 of 3rd period - Steve Reinprecht wins face-off versus Keith Tkachuk in neutral zone.
18:20 of 3rd period - Shot by Mike Johnson.
18:20 of 3rd period - Stopped by Dwayne Roloson with a rebound.
18:21 of 3rd period - Shot by Mathieu Schneider.
18:21 of 3rd period - Shot Misses the Net.
18:22 of 3rd period - Shot by Mathieu Schneider.
18:22 of 3rd period - Shot Misses the Net.
18:23 of 3rd period - Shot by Steve Begin.
18:23 of 3rd period - Stopped by Dwayne Roloson without a rebound.
18:24 of 3rd period - Saku Koivu wins face-off versus Daniel Alfredsson in Oilers zone.
19:09 of 3rd period - Canadiens,Cristobal Huet is pulled from the net.
19:13 of 3rd period - Shot by Steve Reinprecht.
19:13 of 3rd period - Stopped by Dwayne Roloson with a rebound.
19:14 of 3rd period - Shot by Craig Rivet.
19:14 of 3rd period - Shot Misses the Net.
19:19 of 3rd period - Shot by Steve Reinprecht.
19:19 of 3rd period - Shot Hit the Post.
19:22 of 3rd period - Shot by Shane Doan.
19:22 of 3rd period - Shot Misses the Net.
19:42 of 3rd period - Icing by Francis Bouillon.
19:43 of 3rd period - Dave Scatchard wins face-off versus Marty Reasoner in Canadiens zone.


Output by the STHS for Stephane Roy -- Original Page W3C XHTML 1.0 Valid